 Seeded DCSS version 0.31-a0-237-g2d982f9f85 (webtiles) character file.

Game seed: 17534068631569876614 (custom seed)

3517 innerfire43 the Basher (level 9, -1/63 HPs)
             Began as a Demonspawn Monk on July 11, 2023.
             Was a High Priest of Sif Muna.
             Slain by a vampire (8 damage)
             ... on level 7 of the Dungeon.
             The game lasted 00:09:07 (6471 turns).

innerfire43 the Basher (Demonspawn Monk)            Turns: 6471, Time: 00:09:07

Health: -1/63      AC: 12    Str: 20    XL:     9   Next: 81%
Magic:  0/9        EV: 11    Int: 14    God:    Sif Muna [*****.]
Gold:   309        SH: 21    Dex: 18    Spells: 8/8 levels left

rFire   . . .        l - +8 whip of Havoc {heavy, Dex+3 SInv}
rCold   . . .        p - +0 tower shield
rNeg    . . .        b - +0 robe
rPois   .            x - +0 helmet
rElec   .            K - +2 cloak
rCorr   .            M - +0 pair of gloves
SInv    +            (no boots)
Will    .....        j - amulet of reflection
Stlth   ++           H - +6 ring of strength
HPRegen 0.30/turn    C - +4 ring of protection
MPRegen 0.22/turn

%: reflection, guardian spirit
@: no status effects
A: magic shield, magic regeneration, magic link, demonic magic 1
a: Renounce Religion, Channel Magic, Forget Spell, Divine Exegesis


You were on level 7 of the Dungeon.
You worshipped Sif Muna.
Sif Muna was extremely pleased with you.
You visited 1 branch of the dungeon, and saw 7 of its levels.

You collected 309 gold pieces.

Inventory:

Hand Weapons
 a - a +0 mace
 l - the +8 whip of Havoc (weapon) {heavy, Dex+3 SInv}
   (You found it on level 3 of the Dungeon)

   Dex:       It affects your dexterity (+3).
   SInv:      It lets you see invisible.
Armour
 b - a +0 robe (worn)
 d - an orb of light
 p - a +0 tower shield (worn)
 x - a +0 helmet (worn)
 K - a +2 cloak (worn)
 M - a +0 pair of gloves (worn)
Jewellery
 i - a ring of see invisible
 j - an amulet of reflection (around neck)
 o - an amulet of the acrobat
 C - a +4 ring of protection (right hand)
 D - a ring of protection from fire
 H - a +6 ring of strength (left hand)
Wands
 c - a wand of iceblast (16)
 E - a wand of paralysis (4)
 L - a wand of flame (9)
Scrolls
 e - 6 scrolls of amnesia {unknown}
 f - 4 scrolls of immolation {unknown}
 h - 7 scrolls of identify {unknown}
 k - a scroll of teleportation {unknown}
 m - 5 scrolls of blinking {unknown}
 q - 2 scrolls of noise {unknown}
 y - 2 scrolls of fog {unknown}
 z - a scroll of fear {unknown}
 A - 3 scrolls of revelation {unknown}
 G - a scroll of butterflies {unknown}
 J - a scroll of poison {unknown}
Potions
 g - 2 potions of brilliance {unknown}
 n - a potion of haste
 r - 4 potions of curing
 s - a potion of attraction {unknown}
 t - a potion of lignification {unknown}
 u - a potion of invisibility {unknown}
 v - 4 potions of heal wounds
 w - 2 potions of berserk rage {unknown}
 B - a potion of cancellation {unknown}
 F - a potion of magic {unknown}
 I - 2 potions of enlightenment {unknown}


   Skills:
 - Level 3.0 Fighting
 * Level 8.5 Maces & Flails
 + Level 5.4 Armour
 - Level 4.1 Dodging
 * Level 7.6 Shields


You had 8 spell levels left.
You didn't know any spells.
Your spell library contained the following spells:

 Spells                   Type           Power      Damage    Failure   Level
 Cigotuvi's Dreadful Rot  Necr/Pois/Air  0%         N/A       93%         2
 Airstrike                Air            0%         2d(0-16)  100%        4
 Maxwell's Capacitive Co  Air            0%         ∞         100%        8
 Chain Lightning          Conj/Air       0%         N/A       100%        9


Dungeon Overview and Level Annotations

Branches:
Dungeon (7/15)
 Temple: D:4-7

Altars:
Ashenzari
Dithmenos
Kikubaaqudgha
Makhleb
Nemelex Xobeh
Okawaru
Ru
Sif Muna
Uskayaw
Wu Jian
Xom
Yredelemnul

Annotations:
D:4 1 runed translucent door
D:7 3 runed translucent doors, AwFulAwFulPlayer's ghost, novice OpDe; coffeetime's ghost, novice TrEE


Innate Abilities, Weirdness & Mutations

When hurt, damage is shared between your health and your magic reserves.
You regenerate magic rapidly.
When low on magic, you restore magic in place of health.
Spells you cast may paralyse adjacent enemies.


Message History

The vampire is heavily damaged.
The vampire completely misses you. The vampire bites you!
The vampire draws strength from your injuries!
You hit the vampire but do no damage.
The vampire is moderately damaged.
The vampire hits you but does no damage.
The vampire completely misses you.
You bump into the rock wall.
You feel less confused. You block the vampire's attack. The vampire misses you.
You closely miss the vampire.
The vampire is moderately damaged.
You block the vampire's attack. x2; The vampire barely misses you.
The vampire bites you.
The vampire draws strength from your injuries!
You barely miss the vampire.
The vampire is lightly damaged.
The vampire hits you. You block the vampire's attack.
You hit the vampire.
The vampire is moderately damaged.
The vampire barely misses you. You block the vampire's attack.
You thrash the vampire!!
The vampire is almost destroyed.
You block the vampire's attack. x2
You completely miss the vampire.
The vampire is almost destroyed.
The vampire draws life force from you!!
* * * LOW HITPOINT WARNING * * *
The vampire is healed by the life force!
You block the vampire's attack.
The vampire bites you but does no damage.
You whack the vampire!
The vampire is almost destroyed.
The vampire draws life force from you!
* * * LOW HITPOINT WARNING * * *
The vampire is healed by the life force!
You hit the vampire.
The vampire is almost destroyed.
The vampire hits you!
You die...

##.....#.###.##.. #
#.............#.#
.#......######.....#
........#≈≈≈≈#......
##.......#§>_≈#..###.
###........#§§.≈#.## ##
###....###...#§≈≈≈#.## ##
.......###...##''##..# #.
.......V@......[.....###.
.......###.......#...##..
##....# ##....####.....#
##..# ##..## ###..## #..
#...### ##.... #..
##.#...###..##. #.
#.#####.....### .# ###
####.## # ###


You could see a vampire.

Vanquished Creatures
  A two-headed ogre (D:7)
  Joseph (D:7)
  The ghost of Ekaitz the Magician, an amateur DEHW (D:5)
  A wyvern (D:7)
  The ghost of innerfire43 the Chopper, an amateur DsMo of Trog (D:4)
  3 water moccasins
  An ice beast (D:5)
  2 sky beasts (D:7)
  Duvessa (D:7)
  A black bear (D:6)
  An ogre (D:4)
  A kobold brigand (D:7)
  A bullfrog (D:6)
  2 scorpions
  2 necrophages (D:4)
  3 wights (D:4)
  Dowan (D:7)
  A human zombie (D:4)
  2 jellies
  4 hounds
  2 orc priests
  2 iguanas
  Crazy Yiuf (D:7)
  Ijyb (D:3)
  Terence (D:2)
  2 orc wizards
  3 hound zombies (D:4)
  2 mummies (D:4)
  5 adders
  5 river rats
  A white imp (D:7)
  An adder zombie (D:4)
  7 worms
  3 dart slugs
  16 orcs
  2 endoplasms
  3 giant cockroaches
  5 goblins
  3 hobgoblins (D:1)
  2 jackals (D:4)
  14 kobolds
  6 quokkas
  9 ball pythons
  5 bats
  5 frilled lizards
  9 rats
146 creatures vanquished.

Vanquished Creatures (others)
  A human (D:5)
1 creature vanquished.

Grand Total: 147 creatures vanquished

Notes
Turn   | Place    | Note
-------+----------+-------------------------------------------
     0 | D:1      | innerfire43 the Demonspawn Monk began the quest for the
                  | Orb.
     0 | D:1      | Reached XP level 1. HP: 18/18 MP: 1/1
    61 | D:1      | Reached skill level 3 in Maces & Flails
    61 | D:1      | Gained mutation: Spells you cast may paralyse adjacent
                  | enemies. [demonic ancestry]
    61 | D:1      | Reached XP level 2. HP: 16/24 MP: 2/2
   166 | D:1      | You fall into a shaft and drop 1 floor!
   450 | D:3      | Noticed Ijyb
   466 | D:3      | Reached XP level 3. HP: 21/29 MP: 3/3
   471 | D:3      | Killed Ijyb
   472 | D:3      | Reached skill level 1 in Armour
   516 | D:3      | Found a faded altar of an unknown god.
   536 | D:3      | Identified the +8 whip of Havoc {heavy, Dex+3 SInv}
   549 | D:3      | Prayed at the altar of an unknown god.
   549 | D:3      | Became a worshipper of Sif Muna the Loreminder
   549 | D:3      | Reached * piety under Sif Muna
   549 | D:3      | Reached ** piety under Sif Muna
   723 | D:1      | Reached *** piety under Sif Muna
   784 | D:1      | Gained mutation: You regenerate magic rapidly. [demonic
                  | ancestry]
   784 | D:1      | Reached XP level 4. HP: 33/35 MP: 4/4
  1226 | D:2      | Noticed Terence
  1233 | D:2      | Killed Terence
  1275 | D:2      | Reached skill level 1 in Shields
  1502 | D:3      | Found an iron altar of Okawaru.
  1647 | D:3      | Found a shimmering altar of Xom.
  1678 | D:3      | Gained mutation: When hurt, damage is shared between your
                  | health and your magic reserves. [demonic ancestry]
  1678 | D:3      | Reached XP level 5. HP: 41/41 MP: 5/5
  1875 | D:3      | Found a basalt altar of Yredelemnul.
  1875 | D:3      | Found a burning altar of Makhleb.
  2027 | D:3      | Found a broken altar of Ashenzari.
  2027 | D:3      | Found a burning altar of Makhleb.
  2027 | D:3      | Found a shimmering altar of Xom.
  2159 | D:4      | Noticed an ogre
  2163 | D:4      | Killed an ogre
  2164 | D:4      | Reached skill level 4 in Maces & Flails
  2185 | D:4      | Found a sacrificial altar of Ru.
  2237 | D:4      | Found a runed translucent door.
  2241 | D:4      | Noticed innerfire43's ghost (amateur DsMo)
  2326 | D:4      | Reached XP level 6. HP: 6/47 MP: 0/6
  2655 | D:4      | Reached XP level 7. HP: 52/52 MP: 7/7
  2656 | D:4      | Found a basalt altar of Yredelemnul.
  2708 | D:4      | Reached skill level 5 in Maces & Flails
  2995 | D:4      | Found a runed translucent door.
  3153 | D:4      | Reached **** piety under Sif Muna
  3164 | D:4      | Killed innerfire43's ghost
  3221 | D:5      | Entered Level 5 of the Dungeon
  3386 | D:5      | Found a runed translucent gate.
  3386 | D:5      | Found a runed translucent gate.
  3386 | D:5      | Found a runed translucent gate.
  3398 | D:5      | Found a shimmering blue altar of Sif Muna.
  3435 | D:5      | Reached XP level 8. HP: 38/58 MP: 6/8
  3569 | D:5      | Found an ancient bone altar of Kikubaaqudgha.
  3653 | D:5      | Reached skill level 6 in Maces & Flails
  3782 | D:5      | Found a shadowy altar of Dithmenos.
  3805 | D:5      | Noticed Ekaitz's ghost (amateur DEHW)
  3974 | D:5      | Killed Ekaitz's ghost
  3975 | D:5      | Reached skill level 5 in Shields
  5357 | D:7      | Found a runed translucent gate.
  5366 | D:7      | Reached ***** piety under Sif Muna
  5367 | D:7      | Reached skill level 7 in Maces & Flails
  5503 | D:7      | Found a runed translucent gate.
  5503 | D:7      | Found a runed translucent gate.
  5507 | D:7      | Noticed AwFulAwFulPlayer's ghost (novice OpDe)
  5507 | D:7      | Noticed coffeetime's ghost (novice TrEE)
  5542 | D:7      | Gained mutation: When low on magic, you restore magic in
                  | place of health. [demonic ancestry]
  5542 | D:7      | Reached XP level 9. HP: 44/63 MP: 6/9
  5673 | D:7      | Found a runed translucent door.
  5674 | D:7      | Noticed Crazy Yiuf
  5740 | D:7      | Killed Crazy Yiuf
  5767 | D:7      | Noticed Dowan
  5770 | D:7      | Noticed Duvessa
  5778 | D:7      | Killed Duvessa
  5780 | D:7      | Killed Dowan
  5827 | D:7      | Found a hide-covered altar of Uskayaw.
  5850 | D:7      | Found a sparkling altar of Nemelex Xobeh.
  5940 | D:7      | Noticed a two-headed ogre
  5950 | D:7      | Killed a two-headed ogre
  5951 | D:7      | Reached skill level 8 in Maces & Flails
  5951 | D:7      | Reached skill level 5 in Armour
  6030 | D:7      | Noticed Joseph
  6042 | D:7      | Killed Joseph
  6100 | D:7      | Received a gift from Sif Muna
  6101 | D:7      | Got Fufeirr's Catalogue of the Cumulonimbus {god gift}
  6220 | D:7      | Found an ornate altar of the Wu Jian Council.
  6471 | D:7      | Slain by a vampire

Illustrated notes

Levels and vault maps discovered:
D:1:      shiori_arrival_maze, layout_rooms, minmay_misc_feat_diagonals,
          minmay_crystal_room
D:2:      layout_rooms, fountainhead, solitary_fountain, uniq_terence
D:3:      layout_loops_ring, doesnt_xom_only_xom, okawaru_metal_pillars_1_2,
          basic_ecumenical_altar, uniq_ijyb
D:4:      layout_loops_ring, mainiacjoe_overflow_small_starburst,
          lemuel_mausoleum_altar_yredelemnul, ebering_ghost_sewer_f
D:5:      layout_cave_pools, tgw_kikubaaqudgha, mainiacjoe_overflow_alcove_4,
          amethyst_overflow_temple_binary, ebering_ghost_rock_garden,
          grunt_decor_junction
D:6:      layout_basic, lightli_sewer_entry_pipes
D:7:      layout_layer_cave, general_overflow_altar,
          mainiacjoe_overflow_surrounded_room, mainiacjoe_overflow_alcove_2,
          minmay_temple_entry_fiery, gammafunk_ghost_cemetery, uniq_joseph,
          uniq_duvessa, uniq_crazy_yiuf_cottage

Skill      XL: |  1  2  3  4  5  6  7  8  9 |
---------------+----------------------------+-----
Maces & Flails | 3 4 5 7 8 |  8.5
Dodging        | 3 4 |  4.1
Armour         | 1 2 3 4 5 |  5.4
Shields        | 1 2 3 4 6 7 |  7.6
Fighting       | |  3.0

Action                     |  1- 3 |  4- 6 |  7- 9 || total
---------------------------+-------+-------+-------++-------
  Melee: Mace              |    57 |       |       ||    57
         Whip              |     9 |   100 |   306 ||   415
    Use: Potion            |     2 |       |     1 ||     3
   Stab: Sleeping          |       |     3 |     3 ||     6
 Armour: Robe              |    11 |    18 |    65 ||    94
  Dodge: Dodged            |    38 |    22 |    79 ||   139
  Block: Orb               |    11 |       |       ||    11
         Tower shield      |     1 |    93 |   351 ||   445
         Reflection        |       |     1 |     6 ||     7

Table legend: (Time is in decaauts)
 A = Elapsed time spent in this place.
 B = Non-inter-level travel time spent in this place.
 C = Inter-level travel time spent in this place.
 D = Time resting spent in this place.
 E = Time spent auto-exploring this place.
 F = Levels seen in this place.
 G = Mean time per level.
                   A        B        C        D        E       F      G
               +--------+--------+--------+--------+--------+-----+--------+
         Total |   6738 |   6360 |    378 |      0 |   4679 |   7 |  962.6 |
       Dungeon |   6738 |   6360 |    378 |      0 |   4679 |   7 |  962.6 |
               +--------+--------+--------+--------+--------+-----+--------+

Top non-repeatable levels by time:
     D:6: 1285 daAuts
     D:7: 1245 daAuts
     D:4: 1213 daAuts
     D:3: 943 daAuts
     D:5: 874 daAuts
     D:1: 647 daAuts
     D:2: 527 daAuts
